 Dungeon Crawl Stone Soup version 0.29-a0-1018-g6b6670bd90 (webtiles) character file.

Game seed: 1519039282808351884

749 BritishOli the Trooper (level 7, -1/56 HPs)
             Began as a Demonspawn Fighter on Aug 10, 2022.
             Was a Believer of Okawaru.
             Slain by a gnoll
             ... wielding a +0 whip of venom
             ... led by a gnoll bouda
              (6 damage)
             ... on level 5 of the Dungeon.
             The game lasted 00:04:36 (3536 turns).

BritishOli the Trooper (Demonspawn Fighter)         Turns: 3536, Time: 00:04:37

Health: -1/56      AC: 16    Str: 19    XL:     7   Next: 48%
Magic:  7/7        EV: 12    Int:  9    God:    Okawaru [**....]
Gold:   315        SH:  5    Dex: 12    Spells: 6/6 levels left

rFire   . . .      SeeInvis .   a - +0 long sword
rCold   + . .      Faith    .   c - +0 buckler
rNeg    . . .      Spirit   .   q - +3 ring mail {rC+}
rPois   .          Reflect  .   (no helmet)
rElec   .          Harm     .   (no cloak)
rCorr   .          Rampage  .   (no gloves)
Will    .....                   (no boots)
Stlth   +.........              i - amulet of regeneration
HPRegen 0.98/turn               h - +4 ring of protection
MPRegen 0.10/turn               s - +4 ring of protection

@: weakened
A: (demonic guardian 1), sturdy frame 2, weakness stinger 1
a: Renounce Religion, Heroism


You were on level 5 of the Dungeon.
You worshipped Okawaru.
Okawaru was pleased with you.
You visited 1 branch of the dungeon, and saw 5 of its levels.

You collected 315 gold pieces.

Inventory:

Hand Weapons
 a - a +0 long sword (weapon)
Armour
 c - a +0 buckler (worn)
 q - a +3 ring mail of cold resistance (worn)
Jewellery
 h - a +4 ring of protection (left hand)
 i - an amulet of regeneration (around neck)
 o - an amulet of magic regeneration
 s - a +4 ring of protection (right hand)
 x - a +4 ring of protection
Scrolls
 b - a scroll of magic mapping {unknown}
 e - a scroll of immolation {unknown}
 f - 4 scrolls of identify {unknown}
 g - 2 scrolls of enchant armour
 j - a scroll of vulnerability {unknown}
 k - a scroll of fog {unknown}
 p - a scroll of amnesia {unknown}
 u - a scroll of teleportation {unknown}
 w - a scroll of fear {unknown}
 y - a scroll of enchant weapon {unknown}
Potions
 d - 4 potions of might
 l - a potion of lignification {unknown}
 m - 2 potions of flight {unknown}
 n - 3 potions of brilliance {unknown}
 r - a potion of degeneration {unknown}
 t - a potion of mutation {unknown}
 v - a potion of heal wounds {unknown}
 z - a potion of cancellation {unknown}


   Skills:
 * Level 5.4 Fighting
 * Level 4.3 Long Blades
 + Level 3.9 Armour
 + Level 2.5 Dodging
 + Level 3.9 Shields


You had 6 spell levels left.
You didn't know any spells.
Your spell library contained the following spells:

 Spells                   Type           Power      Damage    Failure   Level
 Blink                    Tloc           0%         N/A       65%         2
 Ensorcelled Hibernation  Hex/Ice        0%         N/A       65%         2
 Spider Form              Tmut/Pois      0%         N/A       86%         3
 Anguish                  Hex/Necr       0%         N/A       99%         4
 Manifold Assault         Tloc           0%         N/A       100%        5
 Storm Form               Tmut/Air       0%         N/A       100%        7


Dungeon Overview and Level Annotations

Branches:
Dungeon (5/15)
 Temple: D:4-7

Altars:
Cheibriados
Okawaru
Trog
Vehumet


Innate Abilities, Weirdness & Mutations

((A weak demonic guardian rushes to your aid.))
Your movements are less encumbered by armour. (ER -4)
You have a small tail.


Message History

The gnoll misses you. The gnoll closely misses you.
You slash the gnoll!
The gnoll is heavily wounded.
You feel very sick.
The gnoll closely misses you. x2; The gnoll barely misses you.
You closely miss the gnoll.
The gnoll is heavily wounded.
You feel sick. The gnoll completely misses you. The gnoll closely misses you.
The gnoll hits you but does no damage. The gnoll barely misses you.
You closely miss the gnoll.
The gnoll is heavily wounded.
You feel sick. The gnoll hits you with a +0 flail!
The gnoll hits you with a +0 whip!
* * * LOW HITPOINT WARNING * * *
The gnoll barely misses you.
You are too injured to fight recklessly!
Unknown command.
You are too injured to fight recklessly!
You are too injured to fight recklessly!
You hit the gnoll.
Your tail-slap misses the gnoll.
The gnoll is almost dead.
You feel sick. The gnoll closely misses you.
The gnoll hits you but does no damage. The gnoll completely misses you.
The gnoll closely misses you.
You barely miss the gnoll. You tail-slap the gnoll.
You kill the gnoll!
Okawaru accepts your kill.
You feel sick. You block the gnoll's attack.
You barely miss the gnoll.
You feel sick. You block the gnoll's attack.
The gnoll hits you with a +0 flail.
* * * LOW HITPOINT WARNING * * *
The gnoll closely misses you. The gnoll barely misses you.
As you read the scroll labelled URGHOTAADWE, it crumbles to dust.
It is a scroll of enchant armour.
Your +2 ring mail of cold resistance glows green for a moment.
You feel sick.
You are no longer poisoned.
The gnoll closely misses you. x3
The gnoll hits you with a +0 whip of venom.
You die...

#############
#...g@g......
#.###g###'###
#.#..#g......
#.#..#.......
#.'..'###+##
#.#..#.+...+
#†#..#.#...#
##.+##'.#._.#
#..#..#.#...#


You could see 4 gnolls.

Vanquished Creatures
  Grinder (D:3)
  A bullfrog (D:4)
  A necrophage (D:3)
  4 hounds
  A gnoll bouda (D:5)
  Ijyb (D:4)
  3 iguanas
  A gnoll (D:5)
  5 adders
  2 ufetubi (D:5)
  A worm (D:5)
  6 dart slugs
  2 orcs
  14 endoplasms
  2 giant cockroaches
  9 goblins
  7 hobgoblins
  2 jackals (D:4)
  9 kobolds
  3 quokkas (D:3)
  7 ball pythons
  4 bats
  4 frilled lizards
  2 rats
92 creatures vanquished.

Vanquished Creatures (collateral kills)
  An adder (D:2)
  A worm (D:2)
2 creatures vanquished.

Grand Total: 94 creatures vanquished

Notes
Turn   | Place    | Note
-------+----------+-------------------------------------------
     0 | D:1      | BritishOli the Demonspawn Fighter began the quest for the
                  | Orb.
     0 | D:1      | Reached XP level 1. HP: 18/18 MP: 1/1
   251 | D:1      | Gained mutation: A weak demonic guardian rushes to your
                  | aid. [demonic ancestry]
   251 | D:1      | Reached XP level 2. HP: 24/24 MP: 2/2
   650 | D:2      | Found a faded altar of an unknown god.
   763 | D:2      | Gained mutation: Your movements are slightly less
                  | encumbered by armour. (ER -2) [demonic ancestry]
   763 | D:2      | Reached XP level 3. HP: 29/29 MP: 3/3
   838 | D:2      | Found an iron altar of Okawaru.
   966 | D:2      | Became a worshipper of Warmaster Okawaru
  1450 | D:2      | Gained mutation: You have a small tail. [demonic ancestry]
  1450 | D:2      | Reached XP level 4. HP: 37/37 MP: 4/4
  1791 | D:3      | Reached skill level 1 in Dodging
  1857 | D:3      | Noticed a necrophage
  1866 | D:3      | Killed a necrophage
  1867 | D:3      | Reached skill level 4 in Fighting
  1867 | D:3      | Gained mutation: Your movements are less encumbered by
                  | armour. (ER -4) [demonic ancestry]
  1867 | D:3      | Reached XP level 5. HP: 39/42 MP: 5/5
  1899 | D:3      | Noticed Grinder
  1901 | D:3      | Paralysed by Grinder for 4 turns
  1923 | D:3      | Killed Grinder
  1923 | D:3      | Reached * piety under Okawaru
  1924 | D:3      | Reached XP level 6. HP: 36/49 MP: 6/6
  2701 | D:4      | Noticed Ijyb
  2705 | D:4      | Paralysed by Ijyb for 4 turns
  2714 | D:4      | Paralysed by Ijyb for 2 turns
  2717 | D:4      | Paralysed by Ijyb for 2 turns
  2722 | D:4      | Killed Ijyb
  2839 | D:4      | Reached skill level 5 in Fighting
  2839 | D:4      | Reached XP level 7. HP: 56/56 MP: 7/7
  2947 | D:4      | Found a radiant altar of Vehumet.
  3226 | D:5      | Entered Level 5 of the Dungeon
  3328 | D:5      | Found a snail-covered altar of Cheibriados.
  3477 | D:5      | Found a bloodstained altar of Trog.
  3528 | D:5      | Reached ** piety under Okawaru
  3536 | D:5      | Slain by a gnoll

Illustrated notes

Levels and vault maps discovered:
D:1:      eino_arrival_cavern_a, layout_rooms
D:2:      minmay_razor_zed, layout_basic, shapermc_ecumenical_altar_venn,
          basic_altar
D:3:      layout_basic, elyvilon_altar_4, uniq_grinder
D:4:      cheibrodos_barr_body, layout_loops_ring, lemuel_doored_altar,
          nicolae_figureground_pulse, uniq_ijyb
D:5:      layout_rooms, nicolae_ashenzari_panopticon, chei_slow_surprise,
          mainiacjoe_overflow_24_doors, bh_walls_and_bars

Skill      XL: |  1  2  3  4  5  6  7 |
---------------+----------------------+-----
Long Blades    | 2 3 4 |  4.3
Armour         | 3 |  3.9
Shields        | 3 |  3.9
Dodging        | 1 2 |  2.5
Fighting       | 4 5 |  5.4

Action                   |  1- 3 |  4- 6 |  7- 9 || total
-------------------------+-------+-------+-------++-------
Melee: Long sword        |   120 |   116 |    99 ||   335
       Tailslap          |       |    17 |    13 ||    30
  Use: Scroll            |       |       |     1 ||     1
 Stab: Distracted        |     1 |       |       ||     1
Armor: Scale mail        |    60 |       |       ||    60
       Ring mail         |    12 |    74 |    52 ||   138
Dodge: Dodged            |    37 |    55 |    74 ||   166
Block: Buckler           |    17 |    16 |    29 ||    62

Table legend: (Time is in decaauts)
 A = Elapsed time spent in this place.
 B = Non-inter-level travel time spent in this place.
 C = Inter-level travel time spent in this place.
 D = Time resting spent in this place.
 E = Time spent auto-exploring this place.
 F = Levels seen in this place.
 G = Mean time per level.
                   A        B        C        D        E       F      G
               +--------+--------+--------+--------+--------+-----+--------+
         Total |   3629 |   3475 |    154 |      9 |   2719 |   5 |  725.8 |
       Dungeon |   3629 |   3475 |    154 |      9 |   2719 |   5 |  725.8 |
               +--------+--------+--------+--------+--------+-----+--------+

Top non-repeatable levels by time:
     D:2: 1156 daAuts
     D:3: 772 daAuts
     D:4: 746 daAuts
     D:1: 633 daAuts
     D:5: 321 daAuts
